 Dungeon Crawl Stone Soup version 0.24-a0-529-g0b98641 (webtiles) character file.

Game seed: 6277640616406774424

116 robertstho the Shooter (level 4, 0/37 HPs)
             Began as a Centaur Hunter on Aug 6, 2019.
             Succumbed to an adder's poison
             ... on level 3 of the Dungeon.
             The game lasted 00:03:43 (1813 turns).

robertstho the Shooter (Centaur Hunter)             Turns: 1813, Time: 00:03:44

Health: 0/37       AC:  7    Str: 14    XL:     4   Next: 70%
Magic:  4/4        EV:  2    Int: 10    God:
Gold:   169        SH: 12    Dex: 11    Spells: 3/3 levels left

rFire    + . .     SeeInvis .   b - +0 short sword
rCold    x . .     Gourm    .   e - +2 large shield
rNeg     . . .     Faith    .   q - +0 scale mail
rPois    .         Spirit   .   (no helmet)
rElec    .         Reflect  .   p - +0 cloak
rCorr    .         Harm     .   (no gloves)
MR       .....                  (no barding)
Stlth    ..........             (no amulet)
HPRegen  0.12/turn              o - ring of fire
MPRegen  0.09/turn              (no ring)

@: lethally poisoned (0 -> -1), about to teleport, very quick
A: large, hooves 3, deformed body, speed 2, tough skin 3
a: no special abilities


You were on level 3 of the Dungeon.
You were not hungry.

You visited 1 branch of the dungeon, and saw 3 of its levels.

You collected 169 gold pieces.

Inventory:

Hand Weapons
 a - a +1 shortbow
 b - a +0 short sword (weapon)
Missiles
 c - 11 poisoned darts (quivered)
 d - 15 arrows
Armour
 e - a +2 large shield (worn)
 p - a +0 cloak (worn)
 q - a +0 scale mail (worn)
Jewellery
 o - a ring of fire (left hand)
Scrolls
 g - a scroll of amnesia
 i - a scroll of teleportation
 j - 2 scrolls of remove curse
Comestibles
 f - 5 rations
 l - 21 chunks of flesh


   Skills:
 + Level 2.3 Fighting
 + Level 0.3 Short Blades
 + Level 7.2 Bows
 + Level 0.5 Armour
 + Level 1.6 Dodging
 + Level 0.4 Stealth
 + Level 0.7 Shields


You had 3 spell levels left.
You didn't know any spells.
Your spell library was empty.

Dungeon Overview and Level Annotations

Branches:
Dungeon (3/15)

Altars:
Dithmenos
Hepliaklqana
Xom


Innate Abilities, Weirdness & Mutations

You have hooves in place of feet.
Armour fits poorly on your strangely shaped body.
You cover ground very quickly.
You have extremely tough skin. (AC +3)


Message History

You butcher the hobgoblin corpse.
Things that are here:
2 chunks of flesh; a hobgoblin skeleton
l - 21 chunks of flesh (gained 2)
* * * LOW HITPOINT WARNING * * *
You feel sick.
Okay, then.
Your magical effects are unravelling.
You feel magically purged.
Your magical contamination has completely faded away.
You flicker back into view.
Found a scroll of teleportation.
You see here 7 gold pieces.
You now have 169 gold pieces (gained 7).
* * * LOW HITPOINT WARNING * * *
You feel sick.
As you read the scroll of teleportation, it crumbles to dust.
You feel strangely unstable.
Found 15 arrows.
You die...

#..#.# ##.#.# ##
..<..# .(. ######
..############### ..
................. ..
#..........# ...
#..........+ ....
#..........########
.....
#..@......รท........
.....#
#.?........########
....... #..........#
....... #..........#
.....###
#####.##+###
........ ....
........ ##.#.
........ .#.#
........


There were no monsters in sight!

Vanquished Creatures
  5 adders
  2 dart slugs
  2 leopard geckos
  3 orcs (D:3)
  7 bats
  3 giant cockroaches
  5 hobgoblins
  9 jackals
  A quokka (D:3)
  3 frilled lizards
  8 goblins
  7 kobolds
  8 rats
63 creatures vanquished.

Notes
Turn   | Place    | Note
-------+----------+-------------------------------------------
     0 | D:1      | robertstho the Centaur Hunter began the quest for the Orb.
     0 | D:1      | Reached XP level 1. HP: 17/17 MP: 1/1
    92 | D:1      | Reached XP level 2. HP: 24/24 MP: 2/2
   121 | D:1      | Reached skill level 6 in Bows
   768 | D:2      | Reached XP level 3. HP: 24/29 MP: 3/3
   885 | D:2      | Found a shadowy altar of Dithmenos.
   915 | D:2      | Found a shimmering altar of Xom.
  1131 | D:2      | Reached skill level 7 in Bows
  1135 | D:2      | Reached XP level 4. HP: 12/37 MP: 4/4
  1473 | D:2      | Found a hazy altar of Hepliaklqana.
  1474 | D:2      | Noticed a spectral ugly thing
  1803 | D:3      | HP: 1/37 [poisoned by an adder]
  1808 | D:3      | HP: 1/37 [poisoned by an adder]
  1813 | D:3      | Succumbed to an adder's poison

Levels and vault maps discovered:
D:1:      lightli_arrival_chessboard, layout_loops_ring, minmay_misc_feat_x
D:2:      layout_rooms, regret_index_temple_of_mockery, first_ration,
          nicolae_dithmenos_through_a_glass_darkly
D:3:      layout_basic, lemuel_doored_altar, old_standard_altar, uniq_jessica

Skill      XL: |  1  2  3 |
---------------+----------+-----
Bows           | 6 7 |  7.2
Fighting       | |  2.3
Short Blades   | |  0.3
Armour         | |  0.5
Dodging        | |  1.6
Stealth        | |  0.4
Shields        | |  0.7

Action                   |  1- 3 |  4- 6 || total
-------------------------+-------+-------++-------
Melee: Short sword       |    34 |    73 ||   107
       Kick              |     9 |    16 ||    25
 Fire: Shortbow          |    90 |       ||    90
  Use: Scroll            |       |     5 ||     5
       Potion            |       |     2 ||     2
 Stab: Invisible         |       |     1 ||     1
  Eat: Chunk             |       |     2 ||     2
Armor: Leather armour    |    13 |       ||    13
       Ring mail         |    19 |    14 ||    33
       Scale mail        |       |    34 ||    34
Dodge: Dodged            |    20 |     7 ||    27
Block: Large shield      |    31 |    69 ||   100

Table legend:
 A = Non-vault XP
 B = Vault XP
 C = Vault XP percentage of total XP
 D = Non-vault monster count
 E = Vault monster count
 F = Vault count percentage of total count
                 A         B        C        D         E       F
            +---------+---------+-------+---------+---------+-------
      Total |     167 |       0 |   0.0 |      63 |       0 |   0.0
            +---------+---------+-------+---------+---------+-------
        D:1 |      32 |       0 |   0.0 |      21 |       0 |   0.0
        D:2 |      67 |       0 |   0.0 |      24 |       0 |   0.0
        D:3 |      68 |       0 |   0.0 |      18 |       0 |   0.0
            +---------+---------+-------+---------+---------+-------
